 Dungeon Crawl Stone Soup version 0.14.1-26-g5a19342 (webtiles) character file.

152 Kae the Firebug (level 4, -1/24 HPs)
             Began as a Tengu Fire Elementalist on July 26, 2014.
             Slain by a jackal (3 damage)
             ... on Level 3 of the Dungeon.
             The game lasted 00:02:20 (2055 turns).

Kae the Firebug (Tengu Fire Elementalist)           Turns: 2055, Time: 00:02:21

HP  -1/24        AC  3     Str  8      XL: 4   Next: 14%
MP   4/9         EV 12     Int 17      God:
Gold 87          SH  0     Dex 14      Spells:  1 memorised,  7 levels left

rFire  . . .     SeeInvis .     i - +0,+1 dagger
rCold  . . .     Clarity  .     a - +0 robe
rNeg   . . .     Conserve .     (no shield)
rPois  .         rCorr    .     (helmet restricted)
rElec  .         rRot     .     j - +0 cloak
SustAb . .       Spirit   .     (no gloves)
rMut   .         Warding  .     (boots unavailable)
Saprov . . .     Stasis   .     (no amulet)
MR     .....                    (no ring)
                                (no ring)

@: lethally poisoned, not resistant to hostile enchantments, fairly stealthy
A: beak, talons 3
a: no special abilities


You were on level 3 of the Dungeon.
You were not hungry.

You visited 1 branch of the dungeon, and saw 3 of its levels.

You collected 87 gold pieces.

Inventory:

Hand weapons
 i - a +0,+1 dagger (weapon)
Armour
 a - a +0 robe (worn)
 j - a +0 cloak (worn)
Comestibles
 c - 3 bread rations
 d - a slice of pizza
 h - 2 meat rations
 q - a rambutan
 t - a pear
Scrolls
 e - a scroll of fog {unknown}
 f - 2 scrolls of teleportation {unknown}
 k - 5 scrolls of identify {unknown}
 n - a scroll of enchant armour {unknown}
 o - a scroll of magic mapping {unknown}
 p - 3 scrolls of remove curse {unknown}
 s - a scroll of fear {unknown}
 y - a scroll of random uselessness {unknown}
Jewellery
 m - a +2 ring of evasion {unknown}
 r - an uncursed ring of ice {unknown}
Potions
 g - 2 potions of porridge
 l - a potion of cure mutation {unknown}
 u - a potion of flight
 v - a potion of haste
Books
 b - a book of Flames

   Spells                             Type                      Level
   *Flame Tongue                      Conjuration/Fire             1
   Throw Flame                        Conjuration/Fire             2
   Conjure Flame                      Conjuration/Fire             3
   Inner Flame                        Hexes/Fire                   3
   Sticky Flame                       Conjuration/Fire             4
   Fireball                           Conjuration/Fire             5


   Skills:
 - Level 2.1 Dodging
 - Level 2.0 Stealth
 + Level 2.5 Spellcasting
 * Level 3.6 Conjurations
 + Level 4.0 Fire Magic


You had 7 spell levels left.
You knew the following spells:

 Your Spells              Type           Power        Failure   Level  Hunger
a - Flame Tongue          Conj/Fire      ###..        4%          1    #......


Dungeon Overview and Level Annotations

Branches:
Dungeon (3/15)

Altars:


Innate Abilities, Weirdness & Mutations

You have a beak for a mouth.
You have claws for feet.


Message History

You kill the jackal!
* * * LOW HITPOINT WARNING * * *
You feel very sick.
Casting: Flame Tongue
Confirm with . or Enter, or press ? or * to list all spells.
Aiming: Flame Tongue
Press: ? - help, Shift-Dir - straight line, f - jackal
Aim: a jackal The flame tongue hits the jackal.
The jackal appears unharmed.
* * * LOW HITPOINT WARNING * * *
You feel sick.
Casting: Flame Tongue
Confirm with . or Enter, or press ? or * to list all spells.
Aiming: Flame Tongue
Press: ? - help, Shift-Dir - straight line, f/p - jackal
Aim: a jackal The flame tongue misses the jackal.
* * * LOW HITPOINT WARNING * * *
You feel sick. The jackal bites you.
You die...

#......$..
#..........
#..#..... #
#....h. ...
#.)..#..#h..
#h...h....#
#h##....###
#h# #### #@#
#(# #.#
##.########
#(........#
#.........#
#.........#
#(........#
#.........#


You could see 3 jackals.

Vanquished Creatures
  2 adders (D:2)
  2 worms (D:2)
  2 giant geckos (D:2)
  2 ball pythons (D:1)
  3 bats
  A giant cockroach (D:1)
  8 goblins
  3 hobgoblins
  A jackal (D:3)
  3 kobolds
  A quokka (D:2)
  3 rats
31 creatures vanquished.

Notes
Turn   | Place    | Note
--------------------------------------------------------------
     0 | D:1      | Kae, the Tengu Fire Elementalist, began the quest for the Orb.
     0 | D:1      | Reached XP level 1. HP: 10/10 MP: 3/3
   354 | D:1      | Reached XP level 2. HP: 15/15 MP: 1/5
  1081 | D:2      | Reached XP level 3. HP: 10/19 MP: 4/7
  1209 | D:2      | Reached skill level 4 in Fire Magic
  1836 | D:2      | Reached XP level 4. HP: 24/24 MP: 9/9
  2055 | D:3      | Slain by a jackal

Action                   |  1- 3 |  4- 6 || total
-------------------------+-------+-------++-------
Melee: Unarmed           |     9 |       ||     9
       Dagger            |    15 |     8 ||    23
 Cast: Flame Tongue      |    44 |    10 ||    54
  Use: Potion            |     3 |     1 ||     4
 Stab: Sleeping          |     2 |       ||     2
